 Dungeon Crawl Stone Soup version 0.26.1-11-gd32895ea62 (webtiles) character file.

Game seed: 13832746897697155189

1203 Almogavar the Vandal (level 8, -6/62 HPs)
             Began as a Human Berserker on May 18, 2021.
             Was a Priest of Trog.
             Killed by divine providence
             ... invoked by an orc priest
              (15 damage)
             ... on level 5 of the Dungeon.
             The game lasted 00:12:39 (5773 turns).

Almogavar the Vandal (Human Berserker)              Turns: 5773, Time: 00:12:40

Health: -6/62      AC:  6    Str: 19    XL:     8   Next: 73%
Magic:  8/8        EV: 13    Int:  8    God:    Trog [***...]
Gold:   224        SH:  0    Dex: 19    Spells: 7/7 levels left

rFire    . . .     SeeInvis .   a - +0 falchion
rCold    . . .     Faith    .   (no shield)
rNeg     + . .     Spirit   .   z - +0 leather armour
rPois    .         Reflect  .   (no helmet)
rElec    .         Harm     .   (no cloak)
rCorr    .         Rampage  .   q - +0 pair of gloves
Will     ++...                  t - +1 pair of boots
Stlth    ++........             (no amulet)
HPRegen  1.20/turn              D - ring of positive energy
MPRegen  0.11/turn              A - +6 ring of dexterity

@: regenerating
A: no striking features
a: Renounce Religion, Berserk, Trog's Hand


You were on level 5 of the Dungeon.
You worshipped Trog.
Trog was most pleased with you.
You visited 1 branch of the dungeon, and saw 5 of its levels.

You collected 224 gold pieces.

Inventory:

Hand Weapons
 a - a +0 falchion (weapon)
 m - a +2 spear of freezing
 w - a +0 hunting sling of freezing
Missiles
 f - 7 atropa-tipped darts
 k - 131 stones
 l - 95 arrows
 s - 54 bolts
 u - 23 sling bullets
Armour
 q - a +0 pair of gloves (worn)
 t - a +1 pair of boots (worn)
 v - a +0 chain mail
 z - a +0 leather armour (worn)
Jewellery
 o - an uncursed ring of flight
 A - a +6 ring of dexterity (right hand)
 D - a ring of positive energy (left hand)
Scrolls
 b - 2 scrolls of noise {unknown}
 d - a scroll of fear
 e - a scroll of fog
 g - a scroll of teleportation
 h - 5 scrolls of remove curse
 j - 2 scrolls of magic mapping
 p - 3 scrolls of immolation {unknown}
 y - 3 scrolls of enchant armour {unknown}
Potions
 c - a potion of haste
 i - 2 potions of might {unknown}
 n - 2 potions of curing {unknown}
 r - a potion of attraction {unknown}
 x - 2 potions of lignification {unknown}
 B - a potion of heal wounds {unknown}
 C - a potion of ambrosia {unknown}


   Skills:
 + Level 5.1 Fighting
 + Level 5.3 Long Blades
 + Level 6.3 Slings
 + Level 2.9 Armour
 + Level 3.1 Dodging
 + Level 2.2 Stealth


You had 7 spell levels left.
You didn't know any spells.
Your spell library was empty.

Dungeon Overview and Level Annotations

Branches:
Dungeon (5/15)
 Temple: D:4-7

Altars:
Elyvilon
Fedhas
Gozag
Okawaru
Ru
The Shining One

Shops:
D:4 }


Message History

The ice beast hits you. The ice beast freezes you!
* * * LOW HITPOINT WARNING * * *
The orc closely misses you.
You closely miss the ice beast.
The ice beast is almost dead.
The ice beast hits you but does no damage.
You hit the ice beast but do no damage.
The ice beast is almost dead.
The orc hits you from afar with a +0 trident.
* * * LOW HITPOINT WARNING * * *
The ice beast hits you but does no damage.
The orc priest invokes the aid of Beogh against you.
Beogh smites you!
* * * LOW HITPOINT WARNING * * *
The orc wizard casts a spell.
The orc wizard seems to speed up.
Unknown command.
The orc priest mumbles some strange prayers to Beogh against you.
Beogh smites you!
You die...

####### ##.. ..#
#... #.#
###o.>##.#########
#((((((.ooo.Y@...#
.(...(....#######.#
.#........# ###.###
..##......# #.....#
) #...#### #.###.#
#### ###.# #.#
.###########...###.#
..........#........#
#........#..##.#..#


You could see an ice beast, an orc priest, an orc wizard (fast) and an orc.

Vanquished Creatures
  Grinder (D:3)
  Duvessa (D:5)
  An ice beast (D:5)
  A phantom (D:4)
  2 ogres (D:4)
  Blork the orc (D:4)
  Dowan (D:5)
  An orc wizard (D:5)
  A gnoll shaman (D:4)
  A hound (D:5)
  2 iguanas (D:5)
  2 worker ants
  Natasha (twice) (D:3)
  3 adders
  7 gnolls
  An ufetubus (D:5)
  An ooze (D:2)
  2 worms
  2 dart slugs
  2 leopard geckos
  4 orcs
  6 bats
  4 giant cockroaches
  9 goblins
  8 hobgoblins
  7 jackals
  3 quokkas
  3 frilled lizards
  5 kobolds
  A leopard gecko skeleton (D:4)
  7 rats
92 creatures vanquished.

Vanquished Creatures (others)
  A hobgoblin (D:2)
  4 plants (D:3)
5 creatures vanquished.

Grand Total: 97 creatures vanquished

Notes
Turn   | Place    | Note
-------+----------+-------------------------------------------
     0 | D:1      | Almogavar the Human Berserker began the quest for the Orb.
     0 | D:1      | Reached XP level 1. HP: 18/18 MP: 1/1
   117 | D:1      | Reached XP level 2. HP: 21/24 MP: 2/2
   965 | D:1      | Reached XP level 3. HP: 29/29 MP: 3/3
  1175 | D:2      | Found a white marble altar of Elyvilon.
  1617 | D:2      | Reached ** piety under Trog
  1653 | D:2      | Reached XP level 4. HP: 32/35 MP: 4/4
  1919 | D:2      | Found a glowing golden altar of the Shining One.
  2232 | D:3      | Reached skill level 1 in Slings
  2561 | D:3      | Noticed Grinder
  2571 | D:3      | Killed Grinder
  2572 | D:3      | Reached skill level 3 in Slings
  2572 | D:3      | Reached skill level 1 in Stealth
  2572 | D:3      | Reached XP level 5. HP: 11/42 MP: 5/5
  2572 | D:3      | Reached XP level 6. HP: 12/48 MP: 6/6
  2866 | D:3      | Found a blossoming altar of Fedhas.
  3137 | D:3      | Noticed Natasha
  3144 | D:3      | Killed Natasha
  3217 | D:3      | Found an iron altar of Okawaru.
  3341 | D:3      | Noticed Natasha
  3352 | D:3      | Killed Natasha
  3549 | D:4      | Noticed Blork the orc
  3557 | D:4      | Noticed a phantom
  3561 | D:4      | Killed Blork the orc
  3562 | D:4      | Reached skill level 4 in Slings
  3562 | D:4      | Reached XP level 7. HP: 54/54 MP: 7/7
  3744 | D:4      | Reached skill level 5 in Slings
  4090 | D:4      | Found a sacrificial altar of Ru.
  4345 | D:4      | Reached XP level 8. HP: 61/61 MP: 8/8
  4379 | D:4      | Found Wosoluuc's Gadget Boutique.
  4710 | D:5      | Entered Level 5 of the Dungeon
  4921 | D:5      | Found an opulent altar of Gozag.
  4974 | D:5      | Reached skill level 5 in Fighting
  4974 | D:5      | Reached skill level 6 in Slings
  5061 | D:5      | Noticed Duvessa
  5081 | D:5      | Killed Duvessa
  5082 | D:5      | Reached skill level 5 in Long Blades
  5455 | D:5      | Reached *** piety under Trog
  5509 | D:5      | Noticed Dowan
  5516 | D:5      | Killed Dowan
  5773 | D:5      | Killed from afar by an orc priest

Illustrated notes

Levels and vault maps discovered:
D:1:      eino_arrival_cavern_b, layout_basic
D:2:      layout_basic, elyvilon_altar_4, nicolae_tso_swordbearing_angel
D:3:      layout_basic, fedhas_ov_isle_minmay, okawaru_trees_2, uniq_natasha,
          uniq_grinder
D:4:      layout_loops_ring, nicolae_ru_awakened_eye, serial_shops,
          nicolae_shop_crystal, uniq_blork_the_orc
D:5:      layout_loops_cross, kennysheep_mini_moat, kennysheep_little_box,
          uniq_duvessa

Skill      XL: |  1  2  3  4  5  6  7  8 |
---------------+-------------------------+-----
Long Blades    | 4 5 |  5.3
Slings         | 3 4 5 6 |  6.3
Fighting       | 4 5 |  5.1
Stealth        | 1 2 |  2.2
Dodging        | 3 |  3.1
Armour         | |  2.9

Action                   |  1- 3 |  4- 6 |  7- 9 || total
-------------------------+-------+-------+-------++-------
Melee: Falchion          |    66 |    27 |    95 ||   188
 Fire: Hunting sling     |    27 |    63 |    83 ||   173
Invok: Berserk           |       |     2 |     6 ||     8
       Trog's Hand       |       |       |     2 ||     2
  Use: Scroll            |     4 |     1 |     2 ||     7
 Stab: Sleeping          |     1 |     1 |       ||     2
Armor: Animal skin       |    11 |     3 |       ||    14
       Leather armour    |       |     3 |    29 ||    32
Dodge: Dodged            |    40 |    21 |    82 ||   143
       Rpst.: Falchion   |     7 |     7 |    14 ||    28
